 Dungeon Crawl Stone Soup version 0.24-a0-459-g225fefd530 (webtiles) character file.

Game seed: 7261214239822985768

1636 vurker the Caller (level 8, 0/60 HPs)
             Began as a Gnoll Summoner on June 30, 2019.
             Was an Initiate of Cheibriados.
             Slain by a hornet (11 damage)
             ... on level 8 of the Dungeon.
             The game lasted 00:20:19 (8777 turns).

vurker the Caller (Gnoll Summoner)                  Turns: 8777, Time: 00:20:19

Health: 0/60       AC: 11    Str: 12    XL:     8   Next: 98%
Magic:  1/17       EV: 14    Int: 25    God:    Cheibriados [......]
Gold:   320        SH:  0    Dex: 19    Spells: 5/19 levels left

rFire    . . .     SeeInvis +   f - +1 spear
rCold    . . .     Gourm    .   (no shield)
rNeg     . . .     Faith    .   q - +0 ring mail of the Past {Int+4 Dex+3 SInv Stlth-}
rPois    .         Spirit   .   (no helmet)
rElec    .         Reflect  .   (no cloak)
rCorr    .         Harm     .   g - +2 pair of gloves
MR       .....                  m - +1 pair of boots
Stlth    ++........             (no amulet)
HPRegen  0.20/turn              (no ring)
MPRegen  0.15/turn              (no ring)

@: lethally poisoned (0 -> -5), very slightly contaminated, very slow
A: distributed training, fangs 1, strong nose
a: Bend Time, Renounce Religion


You were on level 8 of the Dungeon.
You worshipped Cheibriados.
Cheibriados was noncommittal.
You were hungry.

You visited 2 branches of the dungeon, and saw 9 of its levels.

You collected 320 gold pieces.

Inventory:

Hand Weapons
 f - a +1 spear (weapon)
   (You found it on level 1 of the Dungeon)
Armour
 a - a +0 robe
 g - a +2 pair of gloves (worn)
   (You found it on level 4 of the Dungeon)
 m - a +1 pair of boots (worn)
   (You found it on level 2 of the Dungeon)
 q - the +0 ring mail of the Past (worn) {Int+4 Dex+3 SInv Stlth-}
   (You found it on level 7 of the Dungeon)

   It affects your intelligence (+4).
   It affects your dexterity (+3).
   It lets you see invisible.
   It makes you less stealthy.
 r - a +0 cloak
   (You found it on level 8 of the Dungeon)
Wands
 b - a wand of scattershot (6)
   (You found it on level 7 of the Dungeon)
Scrolls
 c - a scroll of blinking
 i - 2 scrolls of identify {@r1}
 k - 4 scrolls of remove curse {@r2}
Potions
 d - a potion of cancellation
 h - a potion of agility
 o - a potion of lignification {!q}
 p - 4 potions of mutation {!q}
Comestibles
 e - 3 rations {!d}
 j - 5 chunks of flesh


   Skills:
 + Level 3.6 Fighting
 + Level 3.6 Short Blades
 + Level 3.6 Long Blades
 + Level 3.6 Axes
 + Level 3.6 Maces & Flails
 + Level 3.6 Polearms
 + Level 3.6 Staves
 + Level 3.6 Slings
 + Level 3.6 Bows
 + Level 3.6 Crossbows
 + Level 3.6 Throwing
 + Level 3.6 Armour
 + Level 5.9 Dodging
 + Level 5.6 Stealth
 + Level 3.6 Shields
 + Level 3.6 Unarmed Combat
 + Level 6.2 Spellcasting
 + Level 3.0 Conjurations
 + Level 3.0 Hexes
 + Level 3.0 Charms
 + Level 7.8 Summonings
 + Level 3.0 Necromancy
 + Level 3.0 Translocations
 + Level 3.0 Transmutations
 + Level 3.0 Fire Magic
 + Level 3.0 Ice Magic
 + Level 3.0 Air Magic
 + Level 3.0 Earth Magic
 + Level 3.0 Poison Magic
 + Level 4.0 Invocations
 + Level 3.6 Evocations


You had 5 spell levels left.
You knew the following spells:

 Your Spells              Type           Power        Failure   Level  Hunger
a - Summon Small Mammal   Summ           ####         1%          1    None
b - Call Imp              Summ           #####...     1%          2    None
c - Call Canine Familiar  Summ           #####...     1%          3    None
d - Summon Lightning Spi  Summ/Air       ####....     17%         4    ###....
e - Summon Ice Beast      Ice/Summ       ####....     17%         4    ###....

Your spell library contained the following spells:

 Spells                   Type           Power        Failure   Level  Hunger
 Confusing Touch          Hex            ###...       4%          1    None
 Magic Dart               Conj           ###.         4%          1    None
 Summon Guardian Golem    Hex/Summ       ####....     4%          3    None
 Blink                    Tloc           N/A          7%          2    None
 Slow                     Hex            ###.....     7%          2    None
 Confuse                  Hex            ###.....     13%         3    None
 Conjure Flame            Conj/Fire      ###.....     13%         3    None
 Gell's Gravitas          Tloc           ###.......   13%         3    None
 Mephitic Cloud           Conj/Pois/Air  ###.....     13%         3    None
 Cause Fear               Hex            ###.......   41%         4    ###....
 Petrify                  Tmut/Erth      ###.....     41%         4    ###....
 Metabolic Englaciation   Hex/Ice        ###.......   77%         5    #####..
 Silence                  Hex/Air        ###.......   77%         5    #####..
 Yara's Violent Unravell  Hex/Tmut       ###.......   77%         5    #####..
 Deflect Missiles         Chrm/Air       ###.......   100%        6    ######.
 Discord                  Hex            ###.......   100%        8    #######


Dungeon Overview and Level Annotations

Branches:
Dungeon (8/15)             Temple (1/1) D:7
   Lair: D:8-11

Altars:
Ashenzari
Cheibriados
Dithmenos
Elyvilon
Fedhas
Gozag
Hepliaklqana
Okawaru
Qazlal
Trog
Vehumet
Wu Jian
Xom
Yredelemnul
Zin
The Shining One


Innate Abilities, Weirdness & Mutations

Your experience applies equally to all skills.
You have very sharp teeth.
Your uncanny sense of smell can sniff out nearby items.


Message History

Something bites your white imp.
Your white imp hits the hornet but does no damage.
The hornet stings your white imp!
Your white imp dies!
The hornet buzzes angrily.
Attack whom?
Aim: a hornet (almost dead)
You reach to attack!
You completely miss the hornet.
You feel yourself speed up.
You feel sick.
You hear an angry buzzing noise.
The hornet closely misses you. A chill wind blows around you.
You feel sick.
The hornet stings you but does no damage.
The hornet completely misses you.
You feel sick. The hornet closely misses you.
You swap places.
You feel sick. The hornet stings your ice beast!
Your ice beast misses the hornet.
The hornet misses your ice beast.
Attack whom?
Aim: a hornet (almost dead)
You could not reach far enough!
You feel sick.
Your ice beast closely misses the hornet.
The hornet misses your ice beast.
Attack whom?
Aim: a hornet (almost dead)
You could not reach far enough!
You feel sick.
The hornet closely misses your ice beast.
Your ice beast barely misses the hornet.
The hornet stings your ice beast!
Your ice beast is poisoned.
Your ice beast seems to slow down.
Attack whom?
Aim: a hornet (almost dead)
You could not reach far enough!
You feel sick.
Your ice beast is no longer moving slowly.
Your ice beast closely misses the hornet.
The hornet stings your ice beast but does no damage.
Attack whom?
Aim: a hornet (almost dead)
You reach to attack!
You closely miss the hornet.
You feel sick. The hornet stings your ice beast!
Your ice beast dies!
You miscast Summon Ice Beast.
You are very lightly contaminated with residual magic.
A fistful of eyes flickers past your view.
You feel sick.
The hornet stings you but does no damage.
A chill wind blows around you.
You are feeling hungry.
The hornet stings you!
You die...

.# Z# .#∆ .# ∆ ∆ ∆ ∆ ∆ .##
### ##### #Z# ..# #.).#
#.#### #.##
#5#.##########....#
#.>#####.#....Y.@yZ÷†..#..#
#........#.############.###
#..#<......# .#
...........# #.
..########.# #.
.........#.# ##
.#######.#.# .# #.# .#


You could see a hornet, a leopard gecko skeleton and a friendly ice beast.

Vanquished Creatures
  Edmund (D:6)
  A bullfrog (D:7)
  A crimson imp (D:5)
  A hound (D:7)
  A centaur skeleton (D:4)
  5 worker ants
  A hound skeleton (D:6)
  2 worker ant zombies
  An adder (D:2)
  A shadow imp (D:6)
  An adder skeleton (D:4)
  A worm (D:2)
  3 dart slugs
  6 leopard geckos
  8 orcs
  6 giant cockroaches
  7 goblins
  7 hobgoblins
  4 kobolds (D:1)
  2 quokkas
  5 bats
  6 frilled lizards
  A jackal zombie (D:6)
  A leopard gecko zombie (D:3)
  2 quokka skeletons
  6 rats
81 creatures vanquished.

Vanquished Creatures (collateral kills)
  Joseph (D:7)
  A soldier ant (D:8)
  2 orc warriors (D:7)
  2 sky beasts
  2 ogres
  A phantom (D:7)
  A bullfrog (D:6)
  4 killer bees (D:8)
  5 wights (D:6)
  3 howler monkeys (D:8)
  2 crimson imps
  A centaur zombie (D:7)
  3 hounds (D:4)
  An orc priest (D:7)
  A centaur skeleton (D:4)
  An orc wizard (D:7)
  A bullfrog skeleton (D:2)
  4 worker ants
  3 adders
  A leopard gecko (D:4)
  12 orcs
  3 bats
  3 giant cockroaches
  4 hobgoblins
  2 kobolds (D:2)
  A plant (D:7)
65 creatures vanquished.

Vanquished Creatures (others)
  A wizard (D:5)
  An orc (D:7)
  3 plants (D:7)
5 creatures vanquished.

Grand Total: 151 creatures vanquished

Notes
Turn   | Place    | Note
-------+----------+-------------------------------------------
     0 | D:1      | vurker the Gnoll Summoner began the quest for the Orb.
     0 | D:1      | Reached XP level 1. HP: 13/13 MP: 6/6
   241 | D:1      | Reached XP level 2. HP: 19/19 MP: 7/7
   247 | D:1      | Learned a level 2 spell: Call Imp
  1115 | D:2      | Reached XP level 3. HP: 25/25 MP: 9/9
  1128 | D:2      | Reached skill level 5 in Spellcasting
  1133 | D:2      | Learned a level 3 spell: Call Canine Familiar
  1186 | D:2      | Reached skill level 1 in Invocations
  1371 | D:2      | Reached skill level 1 in Fighting
  1371 | D:2      | Reached skill level 1 in Short Blades
  1371 | D:2      | Reached skill level 1 in Long Blades
  1371 | D:2      | Reached skill level 1 in Axes
  1371 | D:2      | Reached skill level 1 in Maces & Flails
  1371 | D:2      | Reached skill level 1 in Polearms
  1371 | D:2      | Reached skill level 1 in Staves
  1371 | D:2      | Reached skill level 1 in Slings
  1371 | D:2      | Reached skill level 1 in Bows
  1371 | D:2      | Reached skill level 1 in Crossbows
  1371 | D:2      | Reached skill level 1 in Throwing
  1371 | D:2      | Reached skill level 1 in Armour
  1371 | D:2      | Reached skill level 1 in Shields
  1371 | D:2      | Reached skill level 1 in Unarmed Combat
  1371 | D:2      | Reached skill level 1 in Evocations
  1556 | D:2      | Found a faded altar of an unknown god.
  1621 | D:2      | Reached XP level 4. HP: 32/32 MP: 11/11
  2606 | D:3      | Reached skill level 1 in Conjurations
  2606 | D:3      | Reached skill level 1 in Hexes
  2606 | D:3      | Reached skill level 1 in Charms
  2606 | D:3      | Reached skill level 1 in Necromancy
  2606 | D:3      | Reached skill level 1 in Translocations
  2606 | D:3      | Reached skill level 1 in Transmutations
  2606 | D:3      | Reached skill level 1 in Fire Magic
  2606 | D:3      | Reached skill level 1 in Ice Magic
  2606 | D:3      | Reached skill level 1 in Air Magic
  2606 | D:3      | Reached skill level 1 in Earth Magic
  2606 | D:3      | Reached skill level 1 in Poison Magic
  3150 | D:4      | Reached XP level 5. HP: 15/37 MP: 8/12
  3347 | D:3      | Learned a level 4 spell: Summon Lightning Spire
  3841 | D:4      | Reached XP level 6. HP: 44/44 MP: 13/13
  4776 | D:5      | Entered Level 5 of the Dungeon
  4825 | D:5      | Reached skill level 5 in Dodging
  4831 | D:5      | Learned a level 4 spell: Summon Ice Beast
  5267 | D:5      | Found a bloodstained altar of Trog.
  5268 | D:5      | Noticed a wizard
  5273 | D:5      | Killed a wizard
  5376 | D:5      | Reached XP level 7. HP: 41/50 MP: 10/15
  6479 | D:6      | Reached skill level 5 in Stealth
  6597 | D:6      | Noticed Edmund
  6617 | D:6      | Killed Edmund
  6617 | D:6      | Reached XP level 8. HP: 51/57 MP: 0/16
  6741 | D:6      | Found a glowing golden altar of the Shining One.
  6849 | D:7      | Found a staircase to the Ecumenical Temple.
  6867 | D:7      | Noticed Joseph
  7406 | Temple   | Entered the Ecumenical Temple
  7561 | Temple   | Became a worshipper of Cheibriados the Contemplative
  7828 | D:7      | Found a glowing silver altar of Zin.
  7843 | D:7      | Killed Joseph
  8358 | D:7      | Got a distressingly furry ring mail
  8369 | D:7      | Identified the +0 ring mail of the Past {Int+4 Dex+3 SInv
                  | Stlth-} (You found it on level 7 of the Dungeon)
  8755 | D:8      | Noticed a hornet
  8777 | D:8      | Slain by a hornet

Levels and vault maps discovered:
D:1:      psy_arrival_statuary, layout_loops_corners
D:2:      layout_basic, chequers_ecumenical_altar_simple_redux,
          serial_corexii_hall, chequers_hall_statues_corner_a,
          chequers_hall_statues_wall_a, chequers_hall_statues_wall_a,
          chequers_hall_statues_corner_a, kennysheep_generic_room_14
D:3:      layout_rooms
D:4:      layout_basic
D:5:      layout_loops_ring, first_ration, minmay_strange_pillars, minmay_holes,
          trog_wizard
D:6:      layout_rooms, lemuel_coloured_pillars_altar, grunt_decor_cap,
          uniq_edmund
D:7:      layout_basic, minmay_temple_entry_overgrown, basic_altar, uniq_joseph
D:8:      minmay_imperfect_grid, layout_basic, lair_entry_dummy,
          hangedman_pestilent_swarm, hangedman_decor_clover_reticule,
          worms_lemuel
Temple:   roderic_octagonal_lattice_temple

Skill      XL: |  1  2  3  4  5  6  7  8 |
---------------+-------------------------+-----
Spellcasting   | 5 6 |  6.2
Invocations    | 1 2 3 4 |  4.0
Fighting       | 1 2 3 |  3.6
Short Blades   | 1 2 3 |  3.6
Long Blades    | 1 2 3 |  3.6
Axes           | 1 2 3 |  3.6
Maces & Flails | 1 2 3 |  3.6
Polearms       | 1 2 3 |  3.6
Staves         | 1 2 3 |  3.6
Slings         | 1 2 3 |  3.6
Bows           | 1 2 3 |  3.6
Crossbows      | 1 2 3 |  3.6
Throwing       | 1 2 3 |  3.6
Armour         | 1 2 3 |  3.6
Shields        | 1 2 3 |  3.6
Unarmed Combat | 1 2 3 |  3.6
Evocations     | 1 2 3 |  3.6
Conjurations   | 1 2 3 |  3.0
Hexes          | 1 2 3 |  3.0
Charms         | 1 2 3 |  3.0
Necromancy     | 1 2 3 |  3.0
Translocations | 1 2 3 |  3.0
Transmutations | 1 2 3 |  3.0
Fire Magic     | 1 2 3 |  3.0
Ice Magic      | 1 2 3 |  3.0
Air Magic      | 1 2 3 |  3.0
Earth Magic    | 1 2 3 |  3.0
Poison Magic   | 1 2 3 |  3.0
Dodging        | 5 |  5.9
Stealth        | 5 |  5.6
Summonings     | |  7.8

Action                   |  1- 3 |  4- 6 |  7- 9 || total
-------------------------+-------+-------+-------++-------
Melee: Whip              |    51 |       |       ||    51
       Unarmed           |     4 |       |       ||     4
       Bite              |     7 |    27 |    18 ||    52
       Spear             |    38 |   239 |   192 ||   469
 Cast: Summon Small Mamm |     6 |     1 |     3 ||    10
       Call Imp          |     3 |    36 |    27 ||    66
       Summon Lightning  |       |       |    15 ||    15
       Call Canine Famil |       |       |     7 ||     7
       Summon Ice Beast  |       |       |     6 ||     6
  Use: Scroll            |       |    11 |     7 ||    18
       Potion            |       |     1 |     2 ||     3
 Stab: Sleeping          |     8 |    12 |     5 ||    25
       Distracted        |       |     5 |     2 ||     7
  Eat: Ration            |     1 |     1 |     2 ||     4
       Chunk             |       |     7 |     8 ||    15
Armor: Robe              |    17 |    34 |    30 ||    81
       Ring mail         |       |       |    24 ||    24
Dodge: Dodged            |    67 |   134 |   145 ||   346

Table legend:
 A = Non-vault XP
 B = Vault XP
 C = Vault XP percentage of total XP
 D = Non-vault monster count
 E = Vault monster count
 F = Vault count percentage of total count
                 A         B        C        D         E       F
            +---------+---------+-------+---------+---------+-------
      Total |    1942 |     396 |  16.9 |     141 |       4 |   2.8
            +---------+---------+-------+---------+---------+-------
        D:1 |      35 |       0 |   0.0 |      23 |       0 |   0.0
        D:2 |      92 |       1 |   1.1 |      26 |       1 |   3.7
        D:3 |      23 |       0 |   0.0 |      13 |       0 |   0.0
        D:4 |     258 |       0 |   0.0 |      19 |       0 |   0.0
        D:5 |     311 |       0 |   0.0 |       9 |       0 |   0.0
        D:6 |     408 |      96 |  19.0 |      20 |       1 |   4.8
        D:7 |     542 |     220 |  28.9 |      19 |       1 |   5.0
        D:8 |     273 |      79 |  22.4 |      12 |       1 |   7.7
            +---------+---------+-------+---------+---------+-------
